 Dungeon Crawl Stone Soup version 0.29-a0-559-g359e09b9d1 (webtiles) character file.

Game seed: 296410315024229667

1694 gruber the Stinger (level 9, -1/45 HPs)
             Began as a Gargoyle Venom Mage on June 10, 2022.
             Slain by a troll (2 damage)
             ... on level 6 of the Dungeon.
             The game lasted 00:15:39 (6165 turns).

gruber the Stinger (Gargoyle Venom Mage)            Turns: 6165, Time: 00:15:39

Health: -1/45      AC: 11    Str: 12    XL:     9   Next: 2%
Magic:  8/22       EV: 11    Int: 26    God:
Gold:   578        SH:  0    Dex: 10    Spells: 6/14 levels left

rFire   . . .      SeeInvis .   E - +2 broad axe (vamp)
rCold   . . .      Faith    .   v - orb {light}
rNeg    + . .      Spirit   .   a - +0 robe
rPois   ∞          Reflect  .   (no helmet)
rElec   +          Harm     .   D - +0 cloak {rPois}
rCorr   .          Rampage  .   A - +0 pair of gloves
Will    .....                   (no boots)
Stlth   +.........              l - amulet of regeneration
HPRegen 0.95/turn               g - ring of magical power
MPRegen 0.18/turn               q - +6 ring of intelligence

@: glowing
A: sickness immunity, AC +6, negative energy resistance 1, electricity
resistance, torment resistance 1, petrification resistance
a: no special abilities


You were on level 6 of the Dungeon.
You visited 2 branches of the dungeon, and saw 7 of its levels.

You collected 788 gold pieces.
You spent 210 gold pieces at shops.

Inventory:

Hand Weapons
 c - a +0 short sword
 B - a +4 hand axe
 E - a +2 vampiric broad axe (weapon)
Missiles
 C - a curare-tipped dart
Armour
 a - a +0 robe (worn)
 f - a +2 ring mail of fire resistance
 v - an orb of light (worn)
 A - a +0 pair of gloves (worn)
 D - a +0 cloak of poison resistance (worn)
 F - a +0 buckler
Magical Staves
 m - a staff of poison
Jewellery
 g - a ring of magical power (left hand)
 l - an amulet of regeneration (around neck)
 q - a +6 ring of intelligence (right hand)
 y - a ring of magical power
Scrolls
 d - 9 scrolls of teleportation
 e - 4 scrolls of fog
 i - a scroll of amnesia {unknown}
 k - a scroll of summoning {unknown}
 n - 2 scrolls of identify
 r - a scroll of brand weapon {unknown}
 w - a scroll of fear
 z - 2 scrolls of immolation {unknown}
Potions
 b - a potion of magic
 h - a potion of experience {unknown}
 j - a potion of degeneration {unknown}
 o - a potion of brilliance {unknown}
 p - 2 potions of heal wounds {unknown}
 s - 2 potions of attraction {unknown}
 t - 4 potions of curing {unknown}
 u - 2 potions of flight {unknown}
 x - 2 potions of invisibility


   Skills:
 * Level 4.7 Axes
 - Level 0.1 Slings
 - Level 5.1 Armour
 - Level 1.5 Dodging
 - Level 2.1 Stealth
 - Level 3.1 Spellcasting
 - Level 5.0 Conjurations
 - Level 1.0 Transmutations
 - Level 7.0 Poison Magic


You had 6 spell levels left.
You knew the following spells:

 Your Spells              Type           Power      Damage    Failure   Level
a - Sting                 Tmut/Pois      96%        1d7       1%          1
b - Mephitic Cloud        Conj/Pois/Air  24%        N/A       5%          3
c - Olgreb's Toxic Radia  Pois           40%        N/A       5%          4

Your spell library contained the following spells:

 Spells                   Type           Power      Damage    Failure   Level
 Magic Dart               Conj           100%       1d8       1%          1
 Poisonous Vapours        Pois/Air       44%        N/A       3%          2
 Wereblood                Tmut           9%         N/A       10%         2
 Dazzling Flash           Conj/Hex       34%        N/A       10%         3
 Call Imp                 Summ           4%         N/A       14%         2
 Ozocubu's Armour         Ice            4%         N/A       28%         3
 Iskenderun's Mystic Bla  Conj/Tloc      17%        2d5       32%         4
 Animate Armour           Summ/Erth      8%         N/A       67%         4
 Blade Hands              Tmut           4%         N/A       86%         5
 Iron Shot                Conj/Erth      8%         9d3       99%         6
 Starburst                Conj/Fire      8%         6d4       99%         6
 Ozocubu's Refrigeration  Ice            2%         4d5       100%        7
 Summon Hydra             Summ           2%         N/A       100%        7
 Sublimation of Blood     Necr           Unusable   N/A       N/A         2

Dungeon Overview and Level Annotations

Branches:
Dungeon (6/15)             Temple (1/1) D:5

Altars:
Ashenzari
Cheibriados
Dithmenos
Elyvilon
Fedhas
Gozag
Hepliaklqana
Kikubaaqudgha
Makhleb
Nemelex Xobeh
Okawaru
Sif Muna
Trog
Uskayaw
Xom
Yredelemnul
Zin
The Shining One

Shops:
D:5 (

Annotations:
D:6 1 runed translucent door, Crazy Yiuf


Innate Abilities, Weirdness & Mutations

You are immune to sickness and miasma.
Your stone body is resilient. (AC +6)
You are immune to poison.
You resist negative energy. (rN+)
You are resistant to electric shocks. (rElec)
You are resistant to unholy torment.
You are immune to petrification.


Message History

You kill the orc wizard!
You have reached level 9!
Your experience leads to an increase in your attributes!
Your base attributes are Str 12, Int 18, Dex 10.
Increase (S)trength, (I)ntelligence, or (D)exterity?
You feel clever. x2
Your toxic aura wanes.
The orc priest invokes the aid of Beogh against you.
Beogh smites you!
You hear a shout!
The troll attacks as you move away! The troll closely misses you.
The troll claws you. x2
You kill the orc priest!
Casting: Olgreb's Toxic Radiance (dangerous; 5% risk of failure)
Confirm with . or Enter, or press ? or * to list all spells.
You begin to radiate toxic energy.
The troll barely misses you. The troll claws you. The troll barely misses you.
The troll attacks as you move away! The troll closely misses you.
The troll claws you but does no damage. The troll claws you.
Your toxic aura wanes.
Unknown command.
You hear the brisk hiss of an avalanche of sand nearby.
The troll attacks as you move away! The troll bites you!
* * * LOW HITPOINT WARNING * * *
The troll claws you but does no damage. The troll closely misses you.
You barely miss the troll.
The troll is severely wounded.
The troll bites you but does no damage. The troll closely misses you.
The troll claws you.
* * * LOW HITPOINT WARNING * * *
The troll barely misses you. The troll claws you.
* * * LOW HITPOINT WARNING * * *
The troll closely misses you.
Unknown command.
You barely miss the troll.
The troll is severely wounded.
The troll bites you.
* * * LOW HITPOINT WARNING * * *
The troll claws you but does no damage. The troll claws you.
You die...

.## #...## #.# ...... #.##
#....## ######.###.#.... ...##
#.....###........)...# # ....#
#.........####.#).# .# ....#
#....##........))#####.#
#..#####..........)#..........#
....)...........).......###.###
#..........##)##)..)....)<..###..
#>...........)..@T.........))...#
...........##.##...........#.....
..................<..............
...........###...................
#..........# ###.............#..#
##.........# ......#..##.#### ..
#.......... ...#........... #
#......... #...........##.
#.........


You could see a troll (very poisoned).

Vanquished Creatures
  A steam dragon (D:6)
  A water moccasin (D:5)
  3 phantoms (D:5)
  Blork the orc (D:6)
  A kobold brigand (D:3)
  2 gnoll sergeants
  A scorpion (D:5)
  3 howler monkeys
  3 jellies
  A gnoll shaman (D:3)
  An orc priest (D:6)
  2 hounds
  An orc wizard (D:6)
  2 iguanas
  37 gnolls
  5 adders
  A dart slug (D:4)
  24 orcs
  5 bats
  6 endoplasms
  2 giant cockroaches (D:1)
  4 goblins
  3 hobgoblins
  14 jackals
  3 kobolds
  4 quokkas
  6 ball pythons
  5 frilled lizards
  4 rats
146 creatures vanquished.

Vanquished Creatures (others)
  A jelly (D:6)
  6 fungi (D:2)
  7 plants (D:2)
14 creatures vanquished.

Grand Total: 160 creatures vanquished

Notes
Turn   | Place    | Note
-------+----------+-------------------------------------------
     0 | D:1      | gruber the Gargoyle Venom Mage began the quest for the Orb.
     0 | D:1      | Reached XP level 1. HP: 10/10 MP: 3/3
    81 | D:1      | Reached XP level 2. HP: 3/15 MP: 0/5
   575 | D:1      | Reached skill level 1 in Transmutations
  1134 | D:1      | Reached XP level 3. HP: 19/19 MP: 2/6
  1534 | D:2      | Found a basalt altar of Yredelemnul.
  1668 | D:2      | Found a faded altar of an unknown god.
  1838 | D:2      | Learned a level 3 spell: Mephitic Cloud
  2146 | D:3      | Reached skill level 4 in Poison Magic
  2154 | D:3      | Reached XP level 4. HP: 24/24 MP: 8/8
  2162 | D:3      | Learned a level 4 spell: Olgreb's Toxic Radiance
  2669 | D:3      | Reached XP level 5. HP: 20/28 MP: 9/9
  2694 | D:3      | Reached skill level 5 in Poison Magic
  2832 | D:3      | Noticed a kobold brigand
  2843 | D:3      | Reached XP level 6. HP: 32/32 MP: 8/10
  2846 | D:3      | Reached skill level 6 in Poison Magic
  3267 | D:3      | Reached skill level 7 in Poison Magic
  3302 | D:3      | Reached skill level 1 in Conjurations
  3302 | D:3      | Reached XP level 7. HP: 36/36 MP: 11/11
  4518 | D:5      | Entered Level 5 of the Dungeon
  4936 | D:5      | Reached skill level 5 in Conjurations
  4993 | D:5      | Reached skill level 1 in Armour
  5060 | D:5      | Found a bloodstained altar of Trog.
  5071 | D:5      | Reached XP level 8. HP: 41/41 MP: 12/12
  5134 | D:5      | Reached skill level 5 in Armour
  5249 | D:5      | Found a shimmering altar of Xom.
  5266 | D:5      | Found Kuczash's Weapon Emporium.
  5275 | D:5      | Bought a +0 vampiric broad axe for 210 gold pieces
  5278 | D:5      | Identified a scroll of acquirement
  5278 | D:5      | Acquired 443 gold pieces
  5439 | D:5      | Found a staircase to the Ecumenical Temple.
  5443 | Temple   | Entered the Ecumenical Temple
  5924 | D:6      | Found a runed translucent door.
  5925 | D:6      | Noticed Crazy Yiuf
  6016 | D:6      | Noticed Blork the orc
  6025 | D:6      | Killed Blork the orc
  6148 | D:6      | Noticed a troll
  6157 | D:6      | Reached XP level 9. HP: 45/45 MP: 10/13
  6165 | D:6      | HP: 1/45 [troll (6)]
  6165 | D:6      | Slain by a troll

Illustrated notes

Levels and vault maps discovered:
D:1:      saegor_arrival_miasma, layout_loops_ring, dreamdust_mushroom_princess,
          grunt_decor_cap, minmay_3d_cube
D:2:      layout_loops_ring, dreamdust_ecumenical_altar_grove, basic_altar
D:3:      lemuel_castle_with_subvaults [lemuel_castle_interior_carwin_1],
          layout_basic
D:4:      layout_rooms
D:5:      layout_basic, mainiacjoe_overflow_alcove_1,
          mainiacjoe_overflow_brackets, temple_hall_moat, serial_shops,
          nicolae_shop_bloodbath_and_beyond, kennysheep_generic_room_12
D:6:      layout_rooms, pdpol_wu_jian_five_deadly_venoms, serial_shops,
          shop_fountains, enter_ossuary_2, hangedman_decor_lopped,
          uniq_crazy_yiuf_cottage, uniq_blork_the_orc, uniq_sigmund
Temple:   eino_temple_rhombus

Skill      XL: |  1  2  3  4  5  6  7  8 |
---------------+-------------------------+-----
Transmutations | 1 |  1.0
Poison Magic   | 4 5 7 |  7.0
Spellcasting   | 3 |  3.1
Conjurations   | 1 5 |  5.0
Armour         | 1 5 |  5.1
Axes           | 4 |  4.7
Slings         | |  0.1
Dodging        | |  1.5
Stealth        | |  2.1

Action                   |  1- 3 |  4- 6 |  7- 9 || total
-------------------------+-------+-------+-------++-------
Melee: Unarmed           |    16 |       |       ||    16
       Punch             |     1 |       |       ||     1
       Short sword       |     4 |       |       ||     4
       Staff             |       |     2 |       ||     2
       Hand axe          |       |       |    79 ||    79
       Broad axe         |       |       |    31 ||    31
 Cast: Sting             |    66 |    76 |    48 ||   190
       Olgreb's Toxic Ra |       |     8 |    27 ||    35
  Use: Scroll            |       |       |     8 ||     8
Armor: Robe              |    16 |    10 |    65 ||    91
Dodge: Dodged            |    27 |    18 |    79 ||   124

Table legend: (Time is in decaauts)
 A = Elapsed time spent in this place.
 B = Non-inter-level travel time spent in this place.
 C = Inter-level travel time spent in this place.
 D = Time resting spent in this place.
 E = Time spent auto-exploring this place.
 F = Levels seen in this place.
 G = Mean time per level.
                   A        B        C        D        E       F      G
               +--------+--------+--------+--------+--------+-----+--------+
         Total |   6208 |   5710 |    498 |     50 |   4583 |   7 |  886.9 |
       Dungeon |   6000 |   5522 |    478 |     50 |   4408 |   6 | 1000.0 |
        Temple |    207 |    187 |     20 |      0 |    175 |   1 |  207.0 |
               +--------+--------+--------+--------+--------+-----+--------+

Top non-repeatable levels by time:
     D:3: 1912 daAuts
     D:1: 1327 daAuts
     D:4: 812 daAuts
     D:5: 793 daAuts
     D:2: 746 daAuts
     D:6: 409 daAuts
  Temple: 207 daAuts
